 Dungeon Crawl Stone Soup version 0.29.1-2-gbd0b4ee654 (webtiles) character file.

Game seed: 17370446150203523581

151 fleeber the Conjurer (level 5, -2/28 HPs)
             Began as a Deep Elf Conjurer on Nov 6, 2022.
             Slain by a gnoll sergeant
             ... wielding a +2 vampiric spear
              (10 damage)
             ... on level 3 of the Dungeon.
             The game lasted 00:12:29 (4160 turns).

fleeber the Conjurer (Deep Elf Conjurer)            Turns: 4160, Time: 00:12:30

Health: -2/28      AC:  2    Str: 10    XL:     5   Next: 11%
Magic:  0/15       EV: 12    Int: 25    God:
Gold:   45         SH:  5    Dex: 13    Spells: 12/15 levels left

rFire   . . .      SeeInvis .   h - +1 mace (holy)
rCold   . . .      Faith    .   (no shield)
rNeg    . . .      Spirit   .   a - +0 robe
rPois   .          Reflect  +   (no helmet)
rElec   .          Harm     .   (no cloak)
rCorr   .          Rampage  .   (no gloves)
Will    .....                   (no boots)
Stlth   ++........              i - amulet of reflection
HPRegen 0.09/turn               k - +6 ring of strength
MPRegen 0.14/turn               (no ring)

@: no status effects
A: no striking features
a: no special abilities


You were on level 3 of the Dungeon.
You visited 1 branch of the dungeon, and saw 4 of its levels.

You collected 205 gold pieces.
You spent 160 gold pieces at shops.

Inventory:

Hand Weapons
 e - a +0 short sword
 h - a +1 mace of holy wrath (weapon)
Armour
 a - a +0 robe (worn)
Jewellery
 i - an amulet of reflection (around neck)
 k - a +6 ring of strength (left hand)
Scrolls
 c - 2 scrolls of teleportation
 d - a scroll of enchant weapon
 l - a scroll of enchant armour
 m - 2 scrolls of poison
 n - a scroll of immolation {unknown}
 p - a scroll of amnesia {unknown}
Potions
 b - 2 potions of magic
 f - a potion of berserk rage {unknown}
 g - a potion of cancellation {unknown}
 j - a potion of invisibility {unknown}
 o - a potion of lignification {unknown}
 q - 2 potions of curing
 r - a potion of attraction {unknown}
 s - a potion of heal wounds


   Skills:
 - Level 2.4 Dodging
 - Level 2.4 Stealth
 + Level 5.5 Spellcasting
 + Level 5.9 Conjurations


You had 12 spell levels left.
You knew the following spells:

 Your Spells              Type           Power      Damage    Failure   Level
a - Magic Dart            Conj           100%       1d8       1%          1
b - Searing Ray           Conj           72%        2d7       1%          2

Your spell library contained the following spells:

 Spells                   Type           Power      Damage    Failure   Level
 Dazzling Flash           Conj/Hex       42%        N/A       7%          3
 Beastly Appendage        Tmut           12%        N/A       8%          1
 Mephitic Cloud           Conj/Pois/Air  16%        N/A       11%         3
 Wereblood                Tmut           6%         N/A       12%         2
 Fulminant Prism          Conj/Hex       10%        3d9       22%         4
 Iskenderun's Mystic Bla  Conj/Tloc      21%        2d6       22%         4
 Ignite Poison            Fire/Tmut/Pois 6%         N/A       24%         3
 Spider Form              Tmut/Pois      6%         N/A       24%         3
 Lightning Bolt           Conj/Air       10%        1d23      54%         5
 Airstrike                Air            3%         2d(1-17)  61%         4
 Summon Lightning Spire   Summ/Air       6%         N/A       61%         4
 Freezing Cloud           Conj/Ice/Air   8%         6-21      67%         5


Dungeon Overview and Level Annotations

Branches:
Dungeon (4/15)
 Temple: D:4-7

Altars:
Fedhas
Qazlal

Shops:
D:3 !!((

Annotations:
D:2 1 runed translucent door, Crazy Yiuf


Message History

(Press . to maintain the ray.)
The gnoll sergeant hits you from afar with a +2 vampiric spear!
Casting: Searing Ray (safe; 1% risk of failure)
Confirm with . or Enter, or press ? or * to list all spells.
Restarting spell: Searing Ray (safe; 1% risk of failure)
Press: ? - help, Shift-Dir - straight line, f/p - gnoll sergeant
Aim: a gnoll sergeant, wielding a +2 vampiric spear and wearing a +0 ring mail (86% to hit)
The searing ray hits the gnoll sergeant!
The gnoll sergeant is moderately wounded. (Press . to maintain the ray.)
The gnoll sergeant hits you from afar with a +2 vampiric spear.
* * * LOW HITPOINT WARNING * * *
The gnoll sergeant draws strength from your wounds!
Casting: Searing Ray (safe; 1% risk of failure)
Confirm with . or Enter, or press ? or * to list all spells.
Restarting spell: Searing Ray (safe; 1% risk of failure)
Press: ? - help, Shift-Dir - straight line, f/p - gnoll sergeant
Aim: a gnoll sergeant, wielding a +2 vampiric spear and wearing a +0 ring mail (moderately wounded, 86% to hit)
The searing ray hits the gnoll sergeant!
The gnoll sergeant is severely wounded. (Press . to maintain the ray.)
The gnoll sergeant barely misses you.
Casting: Searing Ray (safe; 1% risk of failure)
Confirm with . or Enter, or press ? or * to list all spells.
Restarting spell: Searing Ray (safe; 1% risk of failure)
Press: ? - help, Shift-Dir - straight line, f/p - gnoll sergeant
Aim: a gnoll sergeant, wielding a +2 vampiric spear and wearing a +0 ring mail (severely wounded, 86% to hit)
The searing ray hits the gnoll sergeant.
The gnoll sergeant is severely wounded. (Press . to maintain the ray.)
The gnoll sergeant closely misses you.
Casting: Searing Ray (safe; 1% risk of failure)
Confirm with . or Enter, or press ? or * to list all spells.
Aiming: Magic Dart (safe; 1% risk of failure)
Press: ? - help, Shift-Dir - straight line, f/p - gnoll sergeant
Aim: a gnoll sergeant, wielding a +2 vampiric spear and wearing a +0 ring mail (severely wounded, 100% to hit)
The magic dart hits the gnoll sergeant but does no damage.
The gnoll sergeant is severely wounded.
The gnoll sergeant hits you from afar with a +2 vampiric spear!
You die...

#.##.#####.####.#
#######.##..####..###.##
#...##...#.........#...#
#.......)..8.....8.#.#..
#...##.))......[.......#
##.####.##..)>(.....####
#.# #g##.........#####
#.# #[##.........###..
#.# #@##....)........#
#.####.##.8.....8.#####
#".....##.........#
##..################
#........####
#...#.)...<.# ###
######...#.#####.# ##..
##^..#......#
#.#########..≈
#^§≈≈.......#
#...........≈≈


You could see a gnoll sergeant.

Vanquished Creatures
  Robin (D:3)
  3 gnolls (D:3)
  2 adders (D:2)
  A worm (D:3)
  2 dart slugs
  An orc (D:3)
  8 bats
  6 endoplasms
  2 giant cockroaches
  11 goblins
  16 hobgoblins
  3 jackals (D:1)
  4 kobolds
  4 quokkas
  5 ball pythons
  2 frilled lizards
  6 rats
77 creatures vanquished.

Vanquished Creatures (others)
  6 fungi (D:3)
  8 plants
14 creatures vanquished.

Grand Total: 91 creatures vanquished

Notes
Turn   | Place    | Note
-------+----------+-------------------------------------------
     0 | D:1      | fleeber the Deep Elf Conjurer began the quest for the Orb.
     0 | D:1      | Reached XP level 1. HP: 10/10 MP: 6/6
   121 | D:1      | Reached XP level 2. HP: 15/15 MP: 0/8
   124 | D:1      | Learned a level 2 spell: Searing Ray
   572 | D:1      | Reached skill level 5 in Conjurations
   598 | D:1      | Reached XP level 3. HP: 19/19 MP: 7/10
  1608 | D:2      | Reached XP level 4. HP: 24/24 MP: 6/12
  2168 | D:2      | Found a runed translucent door.
  2169 | D:2      | Noticed Crazy Yiuf
  2421 | D:3      | Found a blossoming altar of Fedhas.
  2436 | D:3      | Found a stormy altar of Qazlal.
  2552 | D:3      | Noticed a gnoll sergeant
  2626 | D:3      | Reached skill level 5 in Spellcasting
  2630 | D:3      | HP: 1/24 [gnoll/+0 spear (5)]
  2989 | D:3      | Found Dapran's Antique Weapon Boutique.
  3122 | D:3      | Found Ningue's Distillery.
  3130 | D:3      | Bought a potion of curing for 30 gold pieces
  3175 | D:3      | Found Faidirabb's Weapon Boutique.
  3545 | D:3      | Found Eruemull's Distillery.
  3674 | D:3      | Noticed Robin
  3684 | D:3      | Killed Robin
  3685 | D:3      | Reached XP level 5. HP: 28/28 MP: 2/14
  4064 | D:3      | Bought a potion of magic for 80 gold pieces
  4064 | D:3      | Bought a potion of heal wounds for 50 gold pieces
  4117 | D:4      | Noticed a black bear
  4160 | D:3      | Slain by a gnoll sergeant

Illustrated notes

Levels and vault maps discovered:
D:1:      dpeg_arrival_subterranean_lakeside_camping, layout_basic
D:2:      layout_loops_cross, serial_bayou_ford_a, uniq_crazy_yiuf_cottage
D:3:      layout_loops_ring, grunt_temple_overflow_forces_of_nature,
          serial_shops, nicolae_square_shop, shop, shop, nicolae_lakefront_shop,
          st_stairs_1, uniq_robin
D:4:      layout_loops_ring, kennysheep_cross_room, uniq_grinder

Skill      XL: |  1  2  3  4 |
---------------+-------------+-----
Spellcasting   | 4 5 |  5.5
Conjurations   | 5 |  5.9
Dodging        | |  2.4
Stealth        | |  2.4

Action                   |  1- 3 |  4- 6 || total
-------------------------+-------+-------++-------
 Cast: Magic Dart        |    84 |    85 ||   169
       Searing Ray       |       |     8 ||     8
  Use: Scroll            |       |     4 ||     4
Armor: Robe              |       |     2 ||     2
Dodge: Dodged            |     2 |    11 ||    13
